 Dungeon Crawl Stone Soup version 0.22.0 (webtiles) character file.

95 Timinator the Insei (level 4, -4/36 HPs)
             Began as a Demigod Transmuter on Jan 10, 2019.
             Killed from afar by Natasha (5 damage)
             ... with a magic dart
             ... on level 3 of the Dungeon on Jan 11, 2019.
             The game lasted 00:15:40 (2307 turns).

Timinator the Insei (Demigod Transmuter)            Turns: 2307, Time: 00:15:41

Health: -4/36      AC:  2    Str: 13    XL:     4   Next: 17%
Magic:  9/9        EV: 18    Int: 22    God:
Gold:   155        SH:  0    Dex: 23    Spells: 6/7 levels left

rFire    . . .     SeeInvis .     - Unarmed
rCold    . . .     Gourm    .   (no shield)
rNeg     . . .     Faith    .   b - +0 robe
rPois    .         Spirit   .   (no helmet)
rElec    .         Reflect  .   (no cloak)
rCorr    .         Harm     .   (no gloves)
MR       .....                  (boots currently unavailable)
Stlth    +++.......             (no amulet)
HPRegen  0.12/turn              (no ring)
MPRegen  0.11/turn              (no ring)

@: brilliant, agile, appendage (expiring), slowed, very slow
A: talons 3, high mp 1
a: End Transformation


You were on level 3 of the Dungeon.
You were hungry.
You had grown temporary talons.
You visited 1 branch of the dungeon, and saw 3 of its levels.

You collected 155 gold pieces.

Inventory:

Missiles
 a - 26 arrows
Armour
 b - a +0 robe (worn)
Scrolls
 e - 2 scrolls of teleportation
 g - a scroll of enchant armour {unknown}
 h - 3 scrolls of remove curse
 l - a scroll of immolation {unknown}
 n - 2 scrolls of magic mapping {unknown}
 p - 3 scrolls of identify {unknown}
Potions
 c - a potion of invisibility {unknown}
 f - a potion of flight
 i - a potion of curing {unknown}
 j - a potion of heal wounds {unknown}
Comestibles
 d - 8 rations


   Skills:
 + Level 2.2 Fighting
 + Level 2.4 Dodging
 + Level 3.1 Unarmed Combat
 - Level 2.0 Spellcasting
 + Level 2.5 Transmutations


You had 6 spell levels left.
You knew the following spells:

 Your Spells              Type           Power        Failure   Level  Hunger
a - Beastly Appendage     Tmut           ####..       1%          1    #......

Your spell library contained the following spells:

 Spells                   Type           Power        Failure   Level  Hunger
 Spider Form              Tmut/Pois      ###.......   3%          3    ###....
 Blade Hands              Tmut           ####......   14%         5    ######.
 Ice Form                 Ice/Tmut       ###.....     10%         4    #####..
 Sticks to Snakes         Tmut           ####....     1%          2    ##.....


Dungeon Overview and Level Annotations

Branches:
Dungeon (3/15)

Annotations:
D:3 Natasha


Innate Abilities, Weirdness & Mutations

You have an increased reservoir of magic. (+10% MP)
You have claws for feet.


Message History

You miss Natasha. You claw Natasha.
Natasha is moderately wounded.
Natasha claws you.
The crimson imp blinks!
Natasha barely misses you.
You miss Natasha.
Natasha is moderately wounded.
Your transformation is almost over.
Natasha closely misses you.
You barely miss Natasha. Your kick misses Natasha.
Natasha is moderately wounded.
Natasha claws you!
* * * LOW HITPOINT WARNING * * *
You closely miss Natasha. You claw Natasha.
Natasha is severely wounded.
Natasha closely misses you. Natasha claws you.
* * * LOW HITPOINT WARNING * * *
You hit Natasha. Your kick misses Natasha.
Natasha is severely wounded.
Natasha stares at you and mumbles some strange words.
The magic dart hits you!
You die...

....... ........#
........#
........#
.........
........#
........########..
......=.5h@.......
.>......5#######.#
#######.....#
#.######## #.....#
........# #.....#
#.......#
######.....#
#.......#
.###..........#
#.......#
...>..###.....#
#.......#
..#.............#
#.......#


You could see Natasha and 2 crimson imps.

Vanquished Creatures
  3 adders
  A shadow imp (D:3)
  An ooze (D:1)
  A worm (D:2)
  2 leopard geckos (D:2)
  A giant cockroach (D:2)
  11 goblins
  5 hobgoblins
  4 jackals (D:3)
  4 kobolds
  A ball python (D:1)
  8 bats
  2 frilled lizards (D:1)
  6 rats
50 creatures vanquished.

Notes
Turn   | Place    | Note
-------+----------+-------------------------------------------
     0 | D:1      | Timinator the Demigod Transmuter began the quest for the Orb.
     0 | D:1      | Reached XP level 1. HP: 15/15 MP: 5/5
   241 | D:1      | Reached skill level 1 in Fighting
   290 | D:1      | Reached XP level 2. HP: 13/23 MP: 4/7
  1010 | D:2      | Reached XP level 3. HP: 29/29 MP: 6/8
  1052 | D:2      | Reached skill level 3 in Unarmed Combat
  1904 | D:3      | Reached XP level 4. HP: 16/36 MP: 9/9
  2289 | D:3      | Noticed Natasha
  2306 | D:3      | HP: 1/36 [Natasha (3)]
  2307 | D:3      | Killed from afar by Natasha

Skill      XL: |  1  2  3 |
---------------+----------+-----
Transmutations | 2 |  2.5
Spellcasting   | 2 |  2.0
Fighting       | 1 2 |  2.2
Dodging        | 2 |  2.4
Unarmed Combat | 3 |  3.1

Action                   |  1- 3 |  4- 6 || total
-------------------------+-------+-------++-------
Melee: Unarmed           |   160 |    21 ||   181
       Headbutt          |     8 |       ||     8
       Kick              |    13 |     7 ||    20
       Punch             |     1 |       ||     1
 Cast: Beastly Appendage |    21 |     3 ||    24
  Use: Scroll            |     5 |       ||     5
       Potion            |     1 |     3 ||     4
 Stab: Sleeping          |     4 |       ||     4
  Eat: Chunk             |     4 |       ||     4
Armor: Robe              |    18 |     2 ||    20
Dodge: Dodged            |   109 |    18 ||   127
